 Dungeon Crawl Stone Soup version 0.28-a0-957-g42eb19b844 (webtiles) character file.

Game seed: 9615720137250442476

42 kae the Skirmisher (level 3, -2/29 HPs)
             Began as a Demonspawn Abyssal Knight on Nov 30, 2021.
             Was a Follower of Lugonu.
             Slain by Terence (5 damage)
             ... on level 2 of the Dungeon.
             The game lasted 00:00:48 (830 turns).

kae the Skirmisher (Demonspawn Abyssal Knight)       Turns: 830, Time: 00:00:49

Health: -2/29      AC:  3    Str: 15    XL:     3   Next: 35%
Magic:  5/5        EV: 11    Int: 11    God:    Lugonu [*.....]
Gold:   39         SH:  0    Dex: 13    Spells: 2/2 levels left

rFire   . . .      SeeInvis .   a - +1 mace
rCold   . . .      Faith    .   (no shield)
rNeg    . . .      Spirit   .   b - +0 leather armour
rPois   .          Reflect  .   (no helmet)
rElec   .          Harm     .   (no cloak)
rCorr   .          Rampage  .   (no gloves)
Will    .....                   (no boots)
Stlth   +.........              (no amulet)
HPRegen 0.09/turn               (no ring)
MPRegen 0.09/turn               (no ring)

@: mighty
A: powered by death 1
a: Renounce Religion, Depart the Abyss


You were on level 2 of the Dungeon.
You worshipped Lugonu.
Lugonu was aware of your devotion.
You visited 1 branch of the dungeon, and saw 2 of its levels.
You visited the Abyss 1 time.

You collected 39 gold pieces.

Inventory:

Hand Weapons
 a - a +1 mace (weapon)
Armour
 b - a +0 leather armour (worn)
Scrolls
 c - a scroll of identify {unknown}
 g - a scroll of teleportation {unknown}
Potions
 f - a potion of haste {unknown}


   Skills:
 + Level 3.3 Fighting
 * Level 2.7 Maces & Flails
 - Level 1.7 Armour
 - Level 0.8 Dodging
 + Level 3.2 Invocations


You had 2 spell levels left.
You didn't know any spells.
Your spell library was empty.

Dungeon Overview and Level Annotations

Branches:
Dungeon (2/15)

Altars:

Annotations:
D:2 Terence


Innate Abilities, Weirdness & Mutations

You regenerate a little health from kills.


Message History

You hit the ball python but do no damage.
The ball python bites you but does no damage.
The ball python completely misses you.
You hit the ball python.
You kill the ball python!
Lugonu accepts your kill.
Terence the Incautious comes into view.
He is wielding a +0 mace.
Terence shouts!
A quokka comes into view.
There are monsters nearby!
Terence hits you with a +0 mace!
You hit Terence.
Terence is moderately wounded.
Terence barely misses you.
There are monsters nearby!
You hit Terence but do no damage.
Terence is moderately wounded.
Terence hits you with a +0 mace.
The quokka twitches its whiskers.
Terence hits you with a +0 mace.
You are too injured to fight recklessly!
You are too injured to fight recklessly!
You are too injured to fight recklessly!
You are too injured to fight recklessly!
You are too injured to fight recklessly!
You hit Terence.
Terence is heavily wounded.
Terence looks scornfully at you. Terence hits you with a +0 mace!
* * * LOW HITPOINT WARNING * * *
You closely miss Terence.
Terence is heavily wounded.
Terence barely misses you.
Okay, then.
It was a potion of curing.
You feel better. Terence hits you with a +0 mace!
* * * LOW HITPOINT WARNING * * *
It was a potion of might.
You feel very mighty all of a sudden. Terence hits you with a +0 mace.
You die...

........###########
........# ........#
####### ####....#
#.....#
####....####.###.#
........'....# #.#
##......###### #.#
#......# #.#
#......# #@#
#....### #@# #....#
#r# #....# #.#
#....# #.# #.# #.#
#.# #.#


You could see Terence and a quokka.

Vanquished Creatures
  2 adders (D:2)
  An endoplasm (D:2)
  A giant cockroach (D:2)
  3 hobgoblins (D:2)
  2 kobolds (D:1)
  A quokka (D:1)
  5 ball pythons
  A bat (D:2)
  3 frilled lizards
  3 goblins
  2 rats (D:1)
24 creatures vanquished.

Vanquished Creatures (others)
  8 plants (D:1)
8 creatures vanquished.

Grand Total: 32 creatures vanquished

Notes
Turn   | Place    | Note
-------+----------+-------------------------------------------
     0 | Abyss:1  | kae the Demonspawn Abyssal Knight began the quest for the
                  | Orb.
     0 | Abyss:1  | Reached XP level 1. HP: 18/18 MP: 2/2
    28 | D:1      | Escaped the Abyss
    73 | D:1      | You fall into a shaft and drop 1 floor!
   394 | D:2      | Gained mutation: You regenerate a little health from kills.
                  | [demonic ancestry]
   394 | D:2      | Reached XP level 2. HP: 24/24 MP: 4/4
   694 | D:2      | Reached XP level 3. HP: 29/29 MP: 5/5
   817 | D:2      | Noticed Terence
   830 | D:2      | Slain by Terence

Illustrated notes

Levels and vault maps discovered:
D:1:      scummos_arrival_checkerplants, layout_loops_ring,
          ebering_dispersal_statue_hall, nicolae_grassy_gnolls
D:2:      layout_basic, uniq_terence

Skill      XL: |  1  2 |
---------------+-------+-----
Maces & Flails | 2 |  2.7
Invocations    | 3 |  3.2
Fighting       | |  3.3
Armour         | |  1.7
Dodging        | |  0.8

Action                   || total
-------------------------++-------
Melee: Mace              ||    59
  Use: Potion            ||     2
Armor: Leather armour    ||    24
Dodge: Dodged            ||    39

Table legend: (Time is in decaauts)
 A = Elapsed time spent in this place.
 B = Non-inter-level travel time spent in this place.
 C = Inter-level travel time spent in this place.
 D = Time resting spent in this place.
 E = Time spent auto-exploring this place.
 F = Levels seen in this place.
 G = Mean time per level.
                   A        B        C        D        E       F      G
               +--------+--------+--------+--------+--------+-----+--------+
         Total |    847 |    836 |     11 |    105 |    520 |   3 |  282.3 |
       Dungeon |    819 |    808 |     11 |    105 |    500 |   2 |  409.5 |
         Abyss |     28 |     28 |      0 |      0 |     20 |   1 |   28.0 |
               +--------+--------+--------+--------+--------+-----+--------+

Top non-repeatable levels by time:
     D:2: 620 daAuts
     D:1: 198 daAuts
 Abyss:1: 28 daAuts
